 Dungeon Crawl Stone Soup version 0.27-a0-1322-gfdffb62a71 (webtiles) character file.

Game seed: 622521931036877442

25 sanka the Insei (level 3, -2/26 HPs)
             Began as an Octopode Monk on June 22, 2021.
             Slain by an adder (4 damage)
             ... on level 4 of the Dungeon.
             The game lasted 00:01:32 (445 turns).

sanka the Insei (Octopode Monk)                      Turns: 445, Time: 00:01:32

Health: -2/26      AC:  1    Str:  8 (10) XL:     3   Next: 4%
Magic:  3/3        EV: 14    Int:  9 (12) God:
Gold:   47         SH:  0    Dex: 13 (15) Spells: 2/2 levels left

rFire    . . .     SeeInvis .     - Unarmed
rCold    . . .     Faith    .   (no shield)
rNeg     . . .     Spirit   .   (helmet restricted)
rPois    .         Reflect  .   (no amulet)
rElec    .         Harm     .   g - ring of willpower
rCorr    .         Rampage  .   (no ring)
Will     +....                  (no ring)
Stlth    +++.......             (no ring)
HPRegen  0.08/turn              (no ring)
MPRegen  0.08/turn              (no ring)
                                (no ring)
                                (no ring)

@: attractive
A: almost no armour, amphibious, 8 rings, camouflage 1, gelatinous body 1,
(nimble swimmer 1), tentacles
a: no special abilities


You were on level 4 of the Dungeon.
You visited 1 branch of the dungeon, and saw 3 of its levels.

You collected 47 gold pieces.


Innate Abilities, Weirdness & Mutations

You cannot wear most types of armour.
You are amphibious.
You can wear up to eight rings at the same time.
Your skin changes colour to match your surroundings (Stealth+).
Your rubbery body absorbs attacks. (AC +1, EV +1)
((You are camouflaged near water. (Stealth+)))
You have tentacles for arms and can constrict up to eight enemies at once.


   Skills:
 + Level 3.2 Fighting
 + Level 3.2 Dodging
 - Level 2.6 Stealth
 * Level 3.6 Unarmed Combat


You had 2 spell levels left.
You didn't know any spells.
Your spell library was empty.

Inventory:

Magical Staves
 c - a staff of poison
Jewellery
 g - a ring of willpower (left tentacle)
Scrolls
 d - a scroll of vulnerability {unknown}
 f - a scroll of identify {unknown}

Dungeon Overview and Level Annotations

Branches:
Dungeon (4/15)
 Temple: D:4-7

Altars:

Shops:
D:4 :=

Annotations:
D:4 exclusion: 2 ogres

▒.▒▒▒.......▒
...... ▒
▒.....▒....▒▒▒▒▒▒
▒.▒▒▒.......▒▒▒▒
▒ ▒.▒........▒▒ ▒
▒...▒.▒▒▒▒.▒ ▒
▒▒▒.▒.▒ ... ▒
▒.▒.▒▒▒▒.... ▒
▒...(........ ▒
▒.x▒▒▒▒▒▒ ▒▒.
▒cS▒ ▒..▒ ...£
....£∩ ▒....££
▒....▒▒▒ ▒.....


You could see a centaur and an adder.


Message History

You tentacle-slap the centaur.
The centaur is heavily wounded.
The adder completely misses you.
The centaur hits you but does no damage.
The centaur misses you.
Unknown command.
You tentacle-slap the centaur but do no damage.
The centaur is heavily wounded.
The adder closely misses you. The centaur closely misses you.
The centaur misses you. The adder bites you.
* * * LOW HITPOINT WARNING * * *
The centaur misses you. The centaur kicks you.
* * * LOW HITPOINT WARNING * * *
You tentacle-slap the centaur but do no damage.
The centaur is heavily wounded.
The centaur hits you.
* * * LOW HITPOINT WARNING * * *
The centaur kicks you.
* * * LOW HITPOINT WARNING * * *
The adder closely misses you.
You tentacle-slap the centaur but do no damage.
The centaur is heavily wounded.
The centaur misses you. The centaur kicks you.
* * * LOW HITPOINT WARNING * * *
The adder bites you.
You die...

Action                   || total
-------------------------++-------
Melee: Unarmed           ||    35
       Constrict         ||     6
       Tentacles         ||     6
  Use: Potion            ||     3
 Stab: Sleeping          ||     2
Armor: Skin              ||     3
Dodge: Dodged            ||    39

Levels and vault maps discovered:
D:1:      minmay_arrival_solitary_statue, layout_loops_ring,
          hangedman_decor_growths
D:2:      layout_loops_corners, chequers_ecumenical_altar_lobes, basic_altar,
          minmay_close_crescents
D:4:      layout_loops_ring, serial_shops, shop, nicolae_shop_window_shopping,
          nicolae_inconvenience_store, shop, shop_coins

Notes
Turn   | Place    | Note
-------+----------+-------------------------------------------
     0 | D:1      | sanka the Octopode Monk began the quest for the Orb.
     0 | D:1      | Reached XP level 1. HP: 16/16 MP: 1/1
   105 | D:1      | Reached XP level 2. HP: 21/21 MP: 2/2
   246 | D:4      | Noticed an ogre
   281 | D:4      | Noticed an ogre
   312 | D:4      | Found Verunekk's Jewellery Shop.
   371 | D:4      | Reached XP level 3. HP: 21/26 MP: 3/3
   427 | D:4      | Found Canamag's Book Emporium.
   432 | D:4      | Noticed a centaur
   445 | D:4      | HP: 2/26 [centaur (3)]
   445 | D:4      | Slain by an adder

Vanquished Creatures
  A gnoll (D:1)
  An adder skeleton (D:4)
  A ball python (D:1)
  2 endoplasms (D:1)
  2 hobgoblins (D:1)
  2 kobolds
  A quokka (D:1)
  A bat (D:1)
  A frilled lizard (D:1)
12 creatures vanquished.
